 Dungeon Sprint DCSS version 0.21-a0-72-gbbb65ab (webtiles) character file.

394 Kidiri the Ruffian (level 6, -2/63 HPs)
             Began as a Draconian Transmuter on June 20, 2017.
             Was an Elder of Wu Jian.
             Slain by a troll (11 damage)
             ... in the Dungeon (Sprint VII: "The Pits").
             The game lasted 00:05:11 (766 turns).

Kidiri the Ruffian (Draconian Transmuter)            Turns: 766, Time: 00:05:12

Health: -2/63      AC:  6    Str: 13    XL:     6   Next: 52%
Magic:  8/14       EV: 12    Int: 14    God:    Wu Jian [****..]
Gold:   0          SH:  0    Dex: 12    Spells: 3/16 levels left

rFire    x . .     SeeInvis .     - Unarmed
rCold    + + +     Gourm    .   (shield currently unavailable)
rNeg     . . .     Faith    .   (armour unavailable)
rPois    +         Spirit   .   (helmet currently unavailable)
rElec    .         Reflect  .   (cloak currently unavailable)
rCorr    .         Harm     .   (gloves currently unavailable)
MR       .....     NoTele   +   (boots currently unavailable)
Stlth    ++........             (no amulet)
HPRegen  0.20/turn              (no ring)
MPRegen  0.14/turn              (no ring)

@: ice-form
A: unfitting armour, AC +6
a: End Transformation, Serpent's Lash, Renounce Religion


You were in the Dungeon.
You worshipped Wu Jian.
Wu Jian was greatly pleased with you.
You were hungry.
You were a creature of crystalline ice.
You visited 1 branch

Inventory:

Missiles
 a - 12 arrows
Scrolls
 i - a scroll of blinking
 l - 3 scrolls of remove curse
 m - 5 scrolls of amnesia
 n - a scroll of summoning
Potions
 d - 6 potions of curing
 e - 3 potions of heal wounds
 f - a potion of haste
 g - 4 potions of magic
 h - 3 potions of berserk rage
 k - 2 potions of invisibility
Books
 b - a book of Changes

   Spells                             Type                      Level
   a - Beastly Appendage              Transmutation                1
   b - Sticks to Snakes               Transmutation                2
   c - Spider Form                    Transmutation/Poison         3
   d - Ice Form                       Ice/Transmutation            4
   e - Blade Hands                    Transmutation                5
Comestibles
 c - 8 bread rations
 j - a chunk of flesh
 o - 40 fruits
 p - 7 meat rations


   Skills:
 + Level 4.6 Fighting
 * Level 5.6 Dodging
 + Level 4.1 Stealth
 * Level 6.6 Unarmed Combat
 * Level 5.7 Spellcasting
 * Level 6.1 Transmutations
 + Level 3.0 Ice Magic
 + Level 3.2 Poison Magic


You had 3 spell levels left.
You knew the following spells:

 Your Spells              Type           Power        Failure   Level  Hunger
a - Beastly Appendage     Tmut           ###...       1%          1    None
b - Spider Form           Tmut/Pois      ###.......   7%          3    ###....
c - Ice Form              Ice/Tmut       ###.....     24%         4    ####...
d - Blade Hands           Tmut           ###.......   34%         5    ######.


Dungeon Overview and Level Annotations

Branches:
Dungeon (1/1)

Altars:
Ashenzari
Cheibriados
Dithmenos
Elyvilon
Fedhas
Gozag
Hepliaklqana
Kikubaaqudgha
Makhleb
Nemelex Xobeh
Okawaru
Qazlal
Ru
Sif Muna
Trog
Uskayaw
Vehumet
Wu Jian
Xom
Yredelemnul
Zin
The Shining One
Beogh
Jiyva
Lugonu


Innate Abilities, Weirdness & Mutations

((Your plain brown scales are hard. (AC +6)))
You cannot fit into any form of body armour.
((You are cold-blooded and may be slowed by cold attacks.))


Message History

The troll is severely wounded.
The troll misses you. The troll claws you! The troll barely misses you.
Unknown command.
Press: ? - help, v - describe, . - travel
Here: a troll (severely wounded)
The floor.
You spin and attack the troll.
You punch the troll! You freeze the troll.
The troll is almost dead.
The troll bites you.
* * * LOW HITPOINT WARNING * * *
The troll claws you.
* * * LOW HITPOINT WARNING * * *
The troll claws you!
* * * LOW HITPOINT WARNING * * *
You feel much better. The troll bites you!
* * * LOW HITPOINT WARNING * * *
The troll claws you.
* * * LOW HITPOINT WARNING * * *
The troll claws you!
You die...

#)#........##.......
#'###########.......
#....)..# ########
#.###...# #.#.....#
#.#...#.#+#
#.....#.#.+
#...###.#'#
#.TY....'.#
###########


You could see a troll.

Vanquished Creatures
  Sigmund (D)
  A fire bat (D)
  A hound (D)
  2 worker ants (D)
  A gnoll (D)
  A river rat (D)
  A goblin (D)
  2 hobgoblins (D)
  5 jackals (D)
  A kobold (D)
  2 quokkas (D)
  A bat (D)
  A quokka skeleton (D)
20 creatures vanquished.

Notes
Turn   | Place    | Note
-------+----------+-------------------------------------------
     0 | D        | Kidiri the Draconian Transmuter began the quest for the Orb.
     0 | D        | Reached XP level 1. HP: 16/16 MP: 3/3
    20 | D        | Reached XP level 2. HP: 18/24 MP: 2/5
    52 | D        | Found a bloodstained altar of Trog.
    52 | D        | Found a deep blue altar of Sif Muna.
    52 | D        | Found a viscous altar of Jiyva.
    52 | D        | Found a hazy altar of Hepliaklqana.
    52 | D        | Found an opulent altar of Gozag.
    53 | D        | Found a glowing golden altar of the Shining One.
    53 | D        | Found a glowing silver altar of Zin.
    53 | D        | Found a basalt altar of Yredelemnul.
    53 | D        | Found a shimmering altar of Xom.
    53 | D        | Found an ornate altar of the Wu Jian Council.
    53 | D        | Found a sacrificial altar of Ru.
    53 | D        | Found a stormy altar of Qazlal.
    53 | D        | Found an iron altar of Okawaru.
    53 | D        | Found a sparkling altar of Nemelex Xobeh.
    53 | D        | Found a burning altar of Makhleb.
    53 | D        | Found a blossoming altar of Fedhas.
    53 | D        | Found a white marble altar of Elyvilon.
    53 | D        | Found a shadowy altar of Dithmenos.
    53 | D        | Found a snail-covered altar of Cheibriados.
    55 | D        | Found a radiant altar of Vehumet.
    55 | D        | Found a corrupted altar of Lugonu.
    55 | D        | Found a roughly hewn altar of Beogh.
    56 | D        | Found a hide-covered altar of Uskayaw.
    56 | D        | Found an ancient bone altar of Kikubaaqudgha.
    56 | D        | Found a shattered altar of Ashenzari.
    62 | D        | Became a worshipper of the Wu Jian Council
   111 | D        | Reached skill level 1 in Stealth
   250 | D        | Reached * piety under Wu Jian
   302 | D        | Reached ** piety under Wu Jian
   302 | D        | Reached XP level 3. HP: 14/30 MP: 6/8
   317 | D        | Learned a level 3 spell: Spider Form
   336 | D        | Reached XP level 4. HP: 20/37 MP: 6/9
   480 | D        | Learned a level 4 spell: Ice Form
   493 | D        | Noticed a fire bat
   495 | D        | Reached *** piety under Wu Jian
   498 | D        | Noticed Sigmund
   500 | D        | Reached skill level 5 in Unarmed Combat
   500 | D        | Reached skill level 1 in Poison Magic
   506 | D        | Killed a fire bat
   506 | D        | Reached skill level 5 in Spellcasting
   506 | D        | Reached skill level 5 in Transmutations
   506 | D        | Reached XP level 5. HP: 7/46 MP: 7/12
   508 | D        | Reached **** piety under Wu Jian
   520 | D        | Killed Sigmund
   520 | D        | Reached skill level 5 in Dodging
   520 | D        | Reached XP level 6. HP: 26/53 MP: 6/14
   551 | D        | Learned a level 5 spell: Blade Hands
   750 | D        | Noticed a troll
   766 | D        | Slain by a troll

Vault maps used:
D:        pitsprint

Skill      XL: |  1  2  3  4  5 |
---------------+----------------+-----
Dodging        | 2 3 4 5 |  5.6
Fighting       | 2 4 |  4.6
Stealth        | 1 2 3 4 |  4.1
Transmutations | 3 4 5 6 |  6.1
Spellcasting   | 3 5 |  5.7
Unarmed Combat | 4 5 6 |  6.6
Poison Magic   | 2 3 |  3.2
Ice Magic      | 2 3 |  3.0

Action                   |  1- 3 |  4- 6 || total
-------------------------+-------+-------++-------
Melee: Unarmed           |    43 |    23 ||    66
       Tailslap          |     1 |       ||     1
       Headbutt          |     2 |       ||     2
 Cast: Beastly Appendage |     6 |       ||     6
       Spider Form       |     1 |     2 ||     3
       Blade Hands       |       |     1 ||     1
       Ice Form          |       |     1 ||     1
  Use: Potion            |       |     3 ||     3
 Stab: Sleeping          |       |     1 ||     1
Armor: Skin              |    11 |     3 ||    14
Dodge: Dodged            |    28 |    28 ||    56
